 Dungeon Crawl Stone Soup version 0.29-a0-598-gd8304a5bf4 (webtiles) character file.

Game seed: 8358661965818839802

175 IdlyInterested the Ducker (level 5, -3/38 HPs)
             Began as a Demonspawn Gladiator on June 15, 2022.
             Shot with an arrow by a centaur (10 damage)
             ... on level 3 of the Dungeon.
             The game lasted 00:07:43 (1975 turns).

IdlyInterested the Ducker (Demonspawn Gladiator)    Turns: 1975, Time: 00:07:44

Health: -3/38      AC: 10    Str: 14    XL:     5   Next: 29%
Magic:  5/5        EV:  7    Int:  9    God:
Gold:   121        SH:  0    Dex: 17    Spells: 4/4 levels left

rFire   . . .      SeeInvis .   a - +1 trident
rCold   . . .      Faith    .   (no shield)
rNeg    . . .      Spirit   .   o - +0 chain mail {rPois}
rPois   +          Reflect  .   g - +0 helmet
rElec   .          Harm     .   (no cloak)
rCorr   .          Rampage  .   (no gloves)
Will    .....                   j - +0 pair of boots
Stlth   ..........              (no amulet)
HPRegen 0.12/turn               (no ring)
MPRegen 0.09/turn               (no ring)

@: no status effects
A: demonic guardian 1, demonic touch 1
a: no special abilities


You were on level 3 of the Dungeon.
You visited 1 branch of the dungeon, and saw 3 of its levels.

You collected 229 gold pieces.
You spent 108 gold pieces at shops.

Inventory:

Hand Weapons
 a - a +1 trident (weapon)
Missiles
 d - 3 throwing nets
 e - a javelin
 f - 52 stones (quivered)
 n - 8 poisoned darts
Armour
 b - a +0 leather armour
 c - a +0 helmet
 g - a +0 helmet (worn)
 j - a +0 pair of boots (worn)
 o - a +0 chain mail of poison resistance (worn)
 s - a +0 helmet
Jewellery
 k - an amulet of faith
Scrolls
 p - a scroll of vulnerability {unknown}
 r - a scroll of identify
Potions
 h - a potion of mutation {unknown}
 i - a potion of lignification
 l - a potion of attraction
 m - 4 potions of curing
 q - a potion of invisibility


   Skills:
 - Level 2.0 Fighting
 + Level 3.5 Polearms
 - Level 1.7 Throwing
 * Level 4.2 Dodging
 * Level 2.3 Unarmed Combat


You had 4 spell levels left.
You didn't know any spells.
Your spell library was empty.

Dungeon Overview and Level Annotations

Branches:
Dungeon (3/15)

Altars:
Zin

Shops:
D:2 *


Innate Abilities, Weirdness & Mutations

A weak demonic guardian rushes to your aid.
Your touch may inflict minor irresistible damage on your foes.


Message History

The ball python hisses angrily.
You hit the ball python.
You kill the ball python!
You see here a ball python corpse.
There is a stone staircase leading down here.
A giant cockroach comes into view.
Found a stone staircase leading up.
Found a leather armour.
Found a quarterstaff and a robe.
The giant cockroach bites you but does no damage.
The giant cockroach barely misses you.
You barely miss the giant cockroach. The giant cockroach barely misses you.
You barely miss the giant cockroach.
You touch the giant cockroach.
You kill the giant cockroach!
Found a scroll of blinking.
You see here a giant cockroach corpse.
You see here a +0 leather armour.
You start removing your armour.
You continue taking off your +0 helmet. x4
You finish taking off your +0 helmet.
You start putting on your armour.
You continue putting on your +0 helmet. x5
You finish putting on your +0 helmet.
You start removing your armour.
You continue taking off your +0 helmet. x4
You finish taking off your +0 helmet.
You start putting on your armour.
You continue putting on your +0 helmet. x5
You finish putting on your +0 helmet.
A ball python comes into view.
Found a stone staircase leading down.
Found 3 scrolls labelled MINKAE KOTOGH.
A centaur comes into view.
The centaur shouts!
The centaur wields a +0 shortbow.
The centaur shoots an arrow.
The arrow hits you!
You barely miss the ball python.
You touch the ball python.
You kill the ball python!
The centaur shoots an arrow.
The arrow hits you!
The centaur shoots an arrow.
The arrow hits you.
The centaur shoots an arrow.
The arrow hits you!
* * * LOW HITPOINT WARNING * * *
A demonic guardian appears!
The centaur shoots an arrow.
The arrow hits you!
You die...

#### #####
##...##...##
#..........##
....?.......#
...........c#
.............#
.......5....#
....?..#.@..#
[......)#.####
........#.#
...<....#.#
..........######
........#...[..#
........#......#
........†......#
##..#..#......#


You could see a centaur (ally target) and a friendly quasit (summoned).

Vanquished Creatures
  An orc priest (D:3)
  4 gnolls
  2 adders (D:3)
  3 worms (D:2)
  2 dart slugs
  4 orcs (D:3)
  7 endoplasms (D:2)
  2 giant cockroaches
  3 goblins
  8 hobgoblins
  4 kobolds
  2 quokkas
  11 ball pythons
  6 bats
  9 frilled lizards
  6 rats
74 creatures vanquished.

Vanquished Creatures (others)
  11 plants (D:1)
11 creatures vanquished.

Grand Total: 85 creatures vanquished

Notes
Turn   | Place    | Note
-------+----------+-------------------------------------------
     0 | D:1      | IdlyInterested the Demonspawn Gladiator began the quest for
                  | the Orb.
     0 | D:1      | Reached XP level 1. HP: 16/16 MP: 1/1
   284 | D:1      | Reached skill level 3 in Dodging
   290 | D:1      | Discovered your monstrous ancestry.
   290 | D:1      | Gained mutation: Your touch may inflict minor irresistible
                  | damage on your foes. [demonic ancestry]
   290 | D:1      | Reached XP level 2. HP: 18/22 MP: 2/2
   468 | D:1      | Reached XP level 3. HP: 25/27 MP: 3/3
   765 | D:2      | Reached skill level 1 in Unarmed Combat
  1002 | D:2      | Gained mutation: A weak demonic guardian rushes to your
                  | aid. [demonic ancestry]
  1002 | D:2      | Reached XP level 4. HP: 29/33 MP: 4/4
  1357 | D:2      | Found Vathri Syma's General Store.
  1430 | D:2      | Bought 3 potions of curing for 108 gold pieces
  1657 | D:3      | Reached skill level 4 in Dodging
  1666 | D:3      | Reached XP level 5. HP: 18/38 MP: 5/5
  1972 | D:3      | Noticed a centaur
  1975 | D:3      | Shot with an arrow by a centaur

Illustrated notes

Levels and vault maps discovered:
D:1:      roderic_crop_circles_arrival_large, layout_rooms,
          dreamdust_wishing_well
D:2:      layout_basic, serial_shops, shop, basic_altar
D:3:      wad_river_or_something, layout_rooms, kennysheep_minor_cross

Skill      XL: |  1  2  3  4 |
---------------+-------------+-----
Dodging        | 3 4 |  4.2
Polearms       | 3 |  3.5
Unarmed Combat | 1 2 |  2.3
Fighting       | |  2.0
Throwing       | |  1.7

Action                   |  1- 3 |  4- 6 || total
-------------------------+-------+-------++-------
Melee: Trident           |    81 |    66 ||   147
       Touch             |     8 |    19 ||    27
Throw: Stone             |       |     5 ||     5
  Use: Scroll            |     5 |     2 ||     7
       Potion            |       |     3 ||     3
 Stab: Sleeping          |     1 |     1 ||     2
Armor: Leather armour    |    19 |     5 ||    24
       Chain mail        |       |    14 ||    14
Dodge: Dodged            |    50 |    28 ||    78

Table legend: (Time is in decaauts)
 A = Elapsed time spent in this place.
 B = Non-inter-level travel time spent in this place.
 C = Inter-level travel time spent in this place.
 D = Time resting spent in this place.
 E = Time spent auto-exploring this place.
 F = Levels seen in this place.
 G = Mean time per level.
                   A        B        C        D        E       F      G
               +--------+--------+--------+--------+--------+-----+--------+
         Total |   1997 |   1944 |     53 |    530 |    746 |   3 |  665.7 |
       Dungeon |   1997 |   1944 |     53 |    530 |    746 |   3 |  665.7 |
               +--------+--------+--------+--------+--------+-----+--------+

Top non-repeatable levels by time:
     D:1: 770 daAuts
     D:2: 700 daAuts
     D:3: 526 daAuts
